Map: Bel'Shir Vestige LE (Void)

Players

IIIIIIIIIIII

  • Race: Protoss Protoss
  • League: Diamond
  • Spawn Location: 5:00

Robola - Winner!

  • Race: Terran Terran
  • League: Diamond
  • Spawn Location: 11:00

VOD

Have the link to the VOD?

Description

Time

  • Played on: March 7, 2017, 9:53 a.m.
  • Length: 12:43
Show
View Real Time Build Order
Export as new Build Order

IIIIIIIIIIII Protoss 

Build Orders: 1 Gate Expand, Oracle Opening 

Get SALT Encoding   

  12  0:01  Probe (Chrono Boost)  
  13  0:11  Probe (Chrono Boost)  
  14  0:19  Pylon  
  14  0:22  Probe (Chrono Boost)  
  15  0:37  Probe (Chrono Boost)  
  15  0:39  Gateway  
  16  0:44  Assimilator  
  16  0:48  Probe (Chrono Boost)  
  17  0:58  Probe (Chrono Boost)  
  18  1:09  Probe (Chrono Boost)  
  19  1:25  Probe (Chrono Boost)  
  20  1:27  Nexus  
  20  1:38  Cybernetics Core  
  20  1:39  Probe (Chrono Boost)  
  21  1:50  Probe (Chrono Boost)  
  21  1:53  Pylon  
  22  1:54  Assimilator  
  22  2:06  Probe (Chrono Boost)  
  23  2:11  Adept  
  23  2:14  Warp Gate  
  25  2:27  Probe (Chrono Boost)  
  28  2:44  Probe x2 (Chrono Boost)  
  28  2:53  Stargate  
  28  2:54  Probe (Chrono Boost)  
  28  2:55  Probe (Chrono Boost)  
  28  2:57  Pylon  
  30  2:59  Pylon  
  30  3:04  Assimilator  
  32  3:05  Mothership Core (Chrono Boost)  
  32  3:10  Probe (Chrono Boost)  
  32  3:12  Adept  
  35  3:20  Probe (Chrono Boost)  
  35  3:24  Probe (Chrono Boost)  
  37  3:31  Probe (Chrono Boost)  
  39  3:34  Probe (Chrono Boost), Oracle  
  39  3:39  Adept  
  44  3:45  Probe (Chrono Boost)  
  44  3:46  Probe (Chrono Boost)  
  46  3:50  Twilight Council  
  46  3:52  Forge  
  47  3:55  Probe (Chrono Boost)  
  47  3:58  Probe (Chrono Boost)  
  47  3:59  Assimilator  
  48  4:06  Probe (Chrono Boost)  
  48  4:07  Phoenix  
  49  4:16  Gateway  
  51  4:19  Probe (Chrono Boost)  
  51  4:20  Probe (Chrono Boost)  
  53  4:25  Protoss Ground Weapons Level 1  
  53  4:26  Resonating Glaives  
  53  4:29  Probe (Chrono Boost)  
  53  4:30  Adept  
  57  4:32  Probe (Chrono Boost)  
  57  4:33  Phoenix  
  59  4:45  Gateway  
  59  4:48  Gateway  
  59  4:52  Probe (Chrono Boost)  
  61  4:54  Probe (Chrono Boost)  
  61  5:03  Probe (Chrono Boost)  
  62  5:14  Probe (Chrono Boost)  
  62  5:27  Probe (Chrono Boost), Pylon  
  62  5:29  Probe (Chrono Boost)  
  62  5:30  Pylon  
  62  5:35  Pylon  
  62  5:37  Oracle  
  60  5:46  Probe (Chrono Boost)  
  60  5:47  Probe (Chrono Boost), Adept  
  60  5:48  Adept x2  
  68  5:58  Probe (Chrono Boost)  
  68  6:00  Probe (Chrono Boost)  
  70  6:11  Phoenix  
  70  6:12  Probe (Chrono Boost), Nexus  
  70  6:14  Probe (Chrono Boost), Pylon  
  70  6:15  Pylon  
  74  6:19  Assimilator  
  74  6:22  Assimilator  
  74  6:25  Probe (Chrono Boost)  
  76  6:26  Probe (Chrono Boost)  
  76  6:28  Protoss Ground Weapons Level 2  
  75  6:41  Phoenix  
  75  6:43  Probe (Chrono Boost)  
  75  6:44  Probe (Chrono Boost)  
  79  6:53  Robotics Facility  
  58  7:32  Probe (Chrono Boost)  
  58  7:33  Probe (Chrono Boost)  
  60  7:41  Observer  
  60  7:43  Probe (Chrono Boost)  
  61  7:45  Probe (Chrono Boost)  
  61  7:47  Probe (Chrono Boost)  
  61  7:50  Adept x2  
  61  7:51  Adept x2  
  69  7:54  Probe (Chrono Boost)  
  69  7:57  Probe x2 (Chrono Boost)  
  72  7:58  Gateway  
  72  8:00  Gateway  
  72  8:02  Gateway, Observer  
  73  8:05  Gateway  
  73  8:07  Gateway  
  76  8:13  Probe x2 (Chrono Boost)  
  76  8:14  Probe (Chrono Boost)  
  76  8:26  Observer  
  77  8:32  Adept x4, Phoenix  
  85  8:37  Probe (Chrono Boost)  
  85  8:38  Probe (Chrono Boost)  
  89  8:46  Probe (Chrono Boost)  
  89  8:47  Probe (Chrono Boost)  
  91  8:49  Protoss Ground Weapons Level 3  
  91  8:50  Probe (Chrono Boost)  
  91  8:52  Observer  
  91  8:54  Adept  
  91  8:55  Adept x3  
  101  8:56  Probe (Chrono Boost)  
  101  8:59  Probe (Chrono Boost)  
  104  9:02  Probe (Chrono Boost)  
  104  9:05  Templar Archives  
  104  9:07  Probe (Chrono Boost)  
  104  9:09  Probe (Chrono Boost)  
  106  9:13  Phoenix  
  106  9:15  Probe (Chrono Boost), Observer  
  110  9:17  Probe (Chrono Boost)  
  110  9:18  Adept x3  
  117  9:24  Pylon  
  117  9:27  Pylon  
  117  9:33  Pylon  
  117  9:36  Pylon  
  117  9:39  Phoenix  
  117  9:42  Warp Prism, Psionic Storm  
  117  9:43  Probe (Chrono Boost)  
  122  9:48  High Templar  
  122  9:49  High Templar x4  
  132  10:00  Archon x2  
  132  10:02  High Templar  
  132  10:03  Adept  
  132  10:04  Adept x2  
  140  10:07  Archon  
  120  10:59  Phoenix  
  122  11:04  High Templar  
  122  11:09  Pylon  
  124  11:11  Pylon  
  124  11:13  Pylon  
  124  11:15  Pylon  
  124  11:18  Pylon  
  124  11:23  Pylon  
  124  11:25  Pylon  
  124  11:27  Pylon  
  124  11:33  High Templar x3  
  124  11:34  High Templar x5  
  124  11:38  Archon  
  140  11:44  Adept  
  142  11:47  Phoenix  
  46  12:31  Adept x3  
  46  12:32  Adept x4  
Show
View Real Time Build Order
Export as new Build Order

Robola Terran - Winner!

Build Orders: MMM Bio 

Get SALT Encoding   

  12  0:00  SCV  
  13  0:12  SCV  
  14  0:17  Supply Depot  
  14  0:25  SCV  
  15  0:39  SCV  
  15  0:42  Barracks  
  16  0:46  Refinery  
  16  0:51  SCV  
  17  1:03  SCV  
  18  1:15  SCV  
  19  1:29  Orbital Command  
  19  1:30  Barracks Reactor  
  19  1:47  Command Center  
  19  1:55  SCV  
  19  2:00  Supply Depot  
  20  2:07  SCV, Marine x2  
  23  2:19  Factory  
  23  2:22  Refinery  
  23  2:29  SCV, Marine  
  25  2:32  Marine  
  26  2:41  SCV  
  26  2:47  Marine  
  26  2:50  Marine  
  27  3:06  Supply Depot  
  27  3:07  Marine, Orbital Command  
  27  3:10  Supply Depot  
  28  3:13  SCV  
  29  3:21  Starport  
  29  3:24  Factory Reactor  
  29  3:27  SCV  
  29  3:34  SCV  
  31  3:39  SCV, Marine  
  31  3:41  Marine  
  33  3:46  SCV  
  35  3:52  SCV  
  36  3:58  Medivac  
  36  4:00  Widow Mine  
  36  4:01  Widow Mine  
  36  4:02  Barracks  
  42  4:03  Marine x2  
  42  4:06  SCV  
  42  4:09  SCV  
  46  4:15  Engineering Bay  
  46  4:19  Engineering Bay  
  46  4:21  SCV x2  
  48  4:24  Marine x2  
  50  4:35  SCV x2  
  52  4:42  Terran Infantry Weapons Level 1  
  52  4:45  Terran Infantry Armor Level 1  
  52  4:47  SCV x2  
  52  4:49  Barracks Tech Lab  
  54  4:53  Marine x2  
  54  4:56  Factory Reactor  
  54  4:59  SCV  
  46  5:12  Marine x3  
  45  5:15  SCV x2  
  45  5:19  Stimpack  
  45  5:28  Medivac  
  45  5:30  Marine x3  
  50  5:41  Widow Mine x2  
  55  5:42  SCV  
  55  5:43  SCV  
  55  5:48  Marine x2  
  58  5:50  Marine  
  58  5:55  SCV  
  58  5:56  SCV  
  61  5:59  Missile Turret  
  61  6:01  Missile Turret  
  61  6:05  Marine  
  61  6:09  Barracks  
  62  6:28  Supply Depot  
  62  6:31  Medivac x2, Supply Depot, Marine x3, SCV  
  70  6:49  Marine x3  
  73  7:05  Barracks Tech Lab  
  73  7:07  Marine x3  
  73  7:13  Barracks, Command Center  
  64  7:24  Medivac x2, Marauder  
  64  7:25  Marine x3  
  64  7:28  Combat Shields  
  69  7:34  Refinery  
  69  7:38  Concussive Shells  
  69  7:43  Marine x2  
  71  7:44  Marine  
  71  7:45  Marauder  
  71  7:46  SCV  
  71  7:47  Missile Turret  
  71  7:48  SCV  
  76  7:54  Widow Mine x2  
  80  8:01  Marine x2  
  80  8:02  Marine  
  83  8:06  SCV  
  83  8:10  SCV  
  81  8:16  Barracks Reactor  
  81  8:18  SCV, Barracks  
  82  8:21  Barracks  
  82  8:22  SCV  
  82  8:25  Marine  
  82  8:26  Barracks, Marine x2, Marauder  
  86  8:28  Liberator  
  86  8:32  Armory  
  86  8:33  SCV  
  87  8:42  Widow Mine  
  87  8:48  Medivac  
  94  8:52  Refinery  
  94  8:53  Marine x2  
  94  8:54  Marine x2  
  94  8:55  Marauder  
  100  9:03  Supply Depot  
  100  9:04  Supply Depot  
  100  9:07  Supply Depot  
  100  9:09  Marine  
  101  9:16  Orbital Command  
  101  9:17  SCV  
  102  9:24  Terran Infantry Weapons Level 2  
  102  9:32  Terran Infantry Armor Level 2  
  102  9:34  SCV  
  102  9:37  Marine  
  104  9:39  Barracks Tech Lab x2  
  104  9:42  Barracks Reactor  
  104  9:44  SCV  
  104  9:45  SCV  
  106  9:50  SCV  
  107  9:55  Marine  
  107  9:57  SCV x2  
  110  10:01  Marine  
  110  10:02  SCV, Marine, Marauder  
  110  10:03  Marine  
  116  10:12  Marine  
  116  10:13  Marine x2, Marauder  
  121  10:19  Marine  
  122  10:24  Marauder  
  113  10:40  Liberator  
  112  10:46  Marine x4, Marauder  
  112  10:47  Marine x2, Marauder  
  119  10:50  Marine x2  
  119  10:52  SCV x3  
  118  10:57  Medivac  
  118  11:00  Starport  
  123  11:04  SCV x3  
  123  11:08  Marauder  
  128  11:12  Marine x3, Refinery  
  128  11:16  SCV, Marine  
  133  11:24  Supply Depot  
  133  11:25  Supply Depot  
  133  11:45  Medivac, Marine x3  
  133  11:46  SCV x3, Marine x2, Medivac  
  133  11:47  Supply Depot x2, Marauder x2  
  149  12:00  SCV  
  149  12:03  SCV  
  149  12:08  SCV, Marine x4, Marauder  
  156  12:11  Widow Mine x2  
  156  12:13  Marine x3, Marauder  
  165  12:18  Supply Depot  
  165  12:21  SCV, Supply Depot, Marauder  
Tags
 
Add a new tag
Caveats
  • Supply blocks, unpowered buildings, or Contaminate may cause inaccurate times.
  • Supply counts are checked every 10 seconds.